AoeStats
← miguelon01

Black Forest

506578162Analyzed
4v4 RM · 19d ago on Sep 14, 2026· 19m 50s· 8 players
Game mode
Random Map
Map size
Large (8 player)
Population
200
Speed
Normal
Resources
Standard
Victory
Conquest
Starting age
Dark Age
Ending age
Imperial Age
RankedLock teamsTeams togetherTeam positionsShared explorationLock speedFull tech treeHidden civsTurbo modeCheats
Victory
Defeat
🇺🇸 Japanese · United States
1387
+10
🇺🇸 Vietnamese · United States
1265
+15
🇦🇷 Lithuanians · Argentina
1244
+16
🇧🇷 Britons · Brazil
1189
+18
🇺🇸 Malay · United States
1326
-19
🇨🇳 Bohemians · China
1261
-15
🇦🇷 Koreans · Argentina
1232
-14
🇨🇳 Slavs · China
1160
-11
Nightmare
0:58 Loom
11:46 Feudal Age
16:11 Castle Age
14:50 Double-Bit Axe
15:29 Fishing Lines
17:16 Bow Saw
Abhinavcj
1:02 Loom
13:49 Feudal Age
15:47 Fishing Lines
方霍霍
6:12 Loom
14:58 Feudal Age
看谁不爽肘谁
8:06 Loom
11:12 Feudal Age
14:51 Castle Age
12:59 Horse Collar
13:47 Double-Bit Axe
17:20 Bow Saw
SecretAgent1942
11:13 Feudal Age
15:45 Castle Age
13:51 Double-Bit Axe
14:16 Horse Collar
16:39 Bow Saw
16:31 Heavy Plow
HaleDuck
0:49 Loom
12:43 Feudal Age
12:45 Man-at-Arms
18:01 Double-Bit Axe
miguelon01
0:26 Loom
14:33 Feudal Age
19:52 Castle Age
18:34 Double-Bit Axe
19:27 Gold Mining
19:46 Horse Collar
nandocacn
1:32 Loom
12:01 Feudal Age
16:06 Castle Age
18:46 Double-Bit Axe
19:07 Fishing Lines
Connection lost

Rejoining the realm…

Still unreachable

The connection could not be restored.

Session expired

The server has moved on; the page needs a fresh start.